 Dungeon Crawl Stone Soup version 0.26-a0-519-gb2f46efeda (webtiles) character file.

Game seed: 17049776082429154922

80 KristoblXynda the Ducker (level 4, -3/24 HPs)
             Began as a Spriggan Berserker on Aug 11, 2020.
             Was a Believer of Trog.
             Killed by divine providence
             ... invoked by an orc priest
              (16 damage)
             ... on level 3 of the Dungeon.
             The game lasted 00:02:44 (2882 turns).

KristoblXynda the Ducker (Spriggan Berserker)       Turns: 2882, Time: 00:02:45

Health: -3/24      AC:  2    Str: 14    XL:     4   Next: 18%
Magic:  5/5        EV: 20    Int:  8    God:    Trog [**....]
Gold:   171        SH:  0    Dex: 15    Spells: 3/3 levels left

rFire    . . .     SeeInvis +   a - +0 short sword
rCold    . . .     Faith    .   (shield restricted)
rNeg     . . .     Spirit   .   b - +0 animal skin
rPois    .         Reflect  .   (helmet restricted)
rElec    .         Harm     .   (no cloak)
rCorr    +                      (gloves unavailable)
MR       .....                  (boots unavailable)
Stlth    ++........             (no amulet)
HPRegen  0.08/turn              e - ring of resist corrosion
MPRegen  0.09/turn              (no ring)

@: very quick
A: very small, unfitting armour, see invisible, speed 3
a: Berserk, Trog's Hand, Renounce Religion


You were on level 3 of the Dungeon.
You worshipped Trog.
Trog was pleased with you.
You visited 1 branch of the dungeon, and saw 3 of its levels.

You collected 171 gold pieces.

Inventory:

Hand Weapons
 a - a +0 short sword (weapon)
Armour
 b - a +0 animal skin (worn)
Jewellery
 e - a ring of resist corrosion (left hand)
Scrolls
 d - a scroll of blinking {unknown}
 h - a scroll of remove curse
 i - 2 scrolls of fog
 j - 2 scrolls of identify
 k - a scroll of teleportation
 l - a scroll of magic mapping {unknown}
Potions
 c - 3 potions of stabbing
 f - a potion of curing
 g - a potion of flight
 n - a potion of lignification
 o - a potion of berserk rage


   Skills:
 + Level 3.0 Fighting
 + Level 4.1 Short Blades
 + Level 5.4 Dodging
 + Level 1.7 Stealth


You had 3 spell levels left.
You didn't know any spells.
Your spell library was empty.

Dungeon Overview and Level Annotations

Branches:
Dungeon (3/15)

Altars:


Innate Abilities, Weirdness & Mutations

You are very small and have problems with some larger weapons.
You are too small for most types of armour.
You have supernaturally acute eyesight. (SInv)
You cover ground extremely quickly.


Message History

Found 13 stones.
j - 2 scrolls of identify A hobgoblin comes into view.
The hobgoblin shouts!
You hear a shout! x2
A hobgoblin is nearby!
A hobgoblin is nearby!
An orc priest and an orc wizard come into view.
The orc wizard shouts!
The orc priest shouts!
Found 2 potions of stabbing.
An orc wizard comes into view. It is wielding a +0 dagger.
The orc priest calls down the wrath of Beogh upon you.
Beogh smites you!
Ouch! That really hurt!
The orc wizard shouts!
The orc wizard gestures at you while chanting.
You easily resist.
The orc priest calls down the wrath of Beogh upon you.
Beogh smites you!
Ouch! That really hurt!
You die...

### ##... #..o
#.o# #..#####.
#og......
#.### #@#.###
###.....#####.
+.............
####....####
##(#.# ###.#
#.# #+# #.#
#.######## #.#


You could see an orc priest, 2 orc wizards and a hobgoblin.

Vanquished Creatures
  4 adders
  A worm (D:2)
  2 dart slugs
  A leopard gecko (D:2)
  An orc (D:3)
  2 ball pythons
  A bat (D:1)
  A giant cockroach (D:2)
  5 goblins
  7 hobgoblins
  3 jackals (D:2)
  A frilled lizard (D:2)
  2 kobolds
  6 rats
37 creatures vanquished.

Notes
Turn   | Place    | Note
-------+----------+-------------------------------------------
     0 | D:1      | KristoblXynda the Spriggan Berserker began the quest for
                  | the Orb.
     0 | D:1      | Reached XP level 1. HP: 11/11 MP: 2/2
   818 | D:1      | Reached XP level 2. HP: 16/16 MP: 3/3
  1264 | D:2      | Reached skill level 5 in Dodging
  1264 | D:2      | Reached XP level 3. HP: 12/19 MP: 4/4
  2465 | D:3      | Reached skill level 1 in Stealth
  2469 | D:3      | Reached ** piety under Trog
  2734 | D:3      | Reached XP level 4. HP: 24/24 MP: 5/5
  2882 | D:3      | Killed from afar by an orc priest

Illustrated notes

Levels and vault maps discovered:
D:1:      evilmike_arrival_rings, layout_basic, minmay_heptomino_d4
D:2:      layout_loops_ring, minmay_misc_feat_chi
D:3:      layout_loops_corners, uniq_crazy_yiuf_cottage, uniq_natasha

Skill      XL: |  1  2  3 |
---------------+----------+-----
Dodging        | 5 |  5.4
Short Blades   | 4 |  4.1
Stealth        | 1 |  1.7
Fighting       | 3 |  3.0

Action                   |  1- 3 |  4- 6 || total
-------------------------+-------+-------++-------
Melee: Short sword       |   130 |    18 ||   148
Invok: Berserk           |     4 |     1 ||     5
  Use: Scroll            |     8 |       ||     8
 Stab: Sleeping          |     3 |       ||     3
Armor: Animal skin       |     9 |       ||     9
Dodge: Dodged            |    97 |    15 ||   112

Table legend: (Time is in decaauts)
 A = Elapsed time spent in this place.
 B = Non-inter-level travel time spent in this place.
 C = Inter-level travel time spent in this place.
 D = Time resting spent in this place.
 E = Time spent auto-exploring this place.
 F = Levels seen in this place.
 G = Mean time per level.
                   A        B        C        D        E       F      G
               +--------+--------+--------+--------+--------+-----+--------+
         Total |   2345 |   2328 |     17 |    670 |   1327 |   3 |  781.7 |
       Dungeon |   2345 |   2328 |     17 |    670 |   1327 |   3 |  781.7 |
               +--------+--------+--------+--------+--------+-----+--------+

Top non-repeatable levels by time:
     D:2: 1073 daAuts
     D:1: 892 daAuts
     D:3: 378 daAuts
